[Event "*** Titled Tuesday Blitz"]
[Site "Chess.com"]
[Date "2020.11.24"]
[Round "6"]
[White "Arseniy_Nesterov"]
[Black "SantoBlue"]
[Result "1-0"]
[WhiteElo "2811"]
[BlackElo "2892"]
[TimeControl "180+1"]
[EndTime "11:23:45 PST"]
[Termination "Arseniy_Nesterov won by resignation"]

1. d4 d6 2. c4 c5 3. d5 g6 4. e4 Bg7 5. Nc3 Nf6 6. Be2 O-O 7. Be3 e6 8. Nf3 exd5 9. cxd5 Bg4 10. Nd2 Bxe2 11.
Qxe2 a6 12. a4 Re8 13. O-O Nbd7 14. h3 Rb8 15. Bf4 Ne5 16. Bh2 g5 17. f4 gxf4 18.
Bxf4 Ng6 19. Bg3 Qe7 20. Rae1 Nd7 21. Nc4 Nde5 22. Ne3 Qg5 23. Nf5 c4 24. h4 Qd8 25.
h5 Nf8 26. Bxe5 Rxe5 27. Qg4 Qf6 28. h6 Rxf5 29. exf5 Qd4+ 30. Qxd4 Bxd4+ 31. Kh1 Nd7 32. Re4 Bxc3 33. bxc3 Ne5 34. f6 b5 35. axb5 axb5 36.
Rb1 Kf8 37. Re2 Nd3 38. Re7 b4 39. cxb4 Rc8 40. Re3 Nf4 41. Rd1 Rb8 42. Re4 Nd3 43. Kh2 Nf2 44. Ree1 Nxd1 45. Rxd1 Rxb4 46. Ra1 Rb8 47.
Rc1 Rc8 48. Rc3 Rc5 49. Kg3 Ke8 50. Kf4 Rxd5 51. Rxc4 Kd7 52. Re4 Rd2 53. Re7+ Kc6 54.
Rxf7 Kd5 55. Rxh7 Ke6 56. f7 Rxg2 57. Kf3 Rg1 58. Kf2 1-0

[Event "*** Titled Tuesday Blitz"]
[Site "Chess.com"]
[Date "2020.11.24"]
[Round "6"]
[White "keepitcool9499"]
[Black "sunofadawn"]
[Result "1-0"]
[WhiteElo "2625"]
[BlackElo "2489"]
[TimeControl "180+1"]
[EndTime "11:23:46 PST"]
[Termination "keepitcool9499 won by checkmate"]

1. d4 Nf6 2. c4 g6 3. Nc3 d5 4.
Nf3 Bg7 5. e3 c5 6. dxc5 O-O 7.
cxd5 Qa5 8. Bd2 Qxc5 9. Qb3 a5 10.
Be2 a4 11. Nxa4 Qxd5 12. Bc4 Qh5 13. O-O Nc6 14. Bc3 Bg4 15. Be2 Be6 16. Qxb7 Bd5 17. b3 Ng4 18. Qc7 Rxa4 19. Bxg7 Ra7 20. Qg3 Kxg7 21.
Nd4 Nxd4 22. exd4 f5 23. h3 Qg5 24. hxg4 f4 25. Qh3 Rc8 26. Bf3 Bf7 27. Rfe1 Rc3 28. Re5 Qf6 29. g5 Qd6 30. Qh6+ Kg8 31. Rae1 Rcc7 32.
R1e4 Rxa2 33. Rxf4 Ra1+ 34. Kh2 Rcc1 35. g3 Rf1 36.
Bg2 Rxf2 37. Rxf2 Qxd4 38. Rxf7 Kxf7 39. Qxh7+ Ke8 40. Qh8+ Kf7 41. Rxe7+ Kxe7 42. Qxd4 Ra5 43. Qe4+ Kf7 44. Qc4+ Ke8 45. Bc6+ Kd8 46. Bg2 Rxg5 47.
Qd5+ Rxd5 48. Bxd5 Kc7 49. Be4 Kd6 50. Bxg6 Kc5 51. Bf7 Kb4 52. Bc4 Kc5 53. g4 Kd6 54. Kg3 Ke7 55. Kf4 Kf6 56. g5+ Ke7 57. Kf5 Kd6 58.
g6 Kc5 59. Kg5 Kb4 60. Kf6 Kc3 61. g7 Kb2 62. Kf7 Ka3 63. g8=Q Kb4 64. Qg7 Ka3 65.
Qf8+ Kb2 66. b4 Kc3 67. b5 Kd4 68. b6 Ke5 69. Qe7+ Kd4 70. Be6 Ke5 71. Bd7+ Kd5 72. Be8 Kc4 73. Qc7+ Kd5 74. Ke7 Ke4 75. Kd7 Kf5 76.
Ke7 Ke4 77. Qc5 Kf4 78. b7 Ke4 79. b8=Q Kd3 80. Qb3+ Ke4 81. Qbd5+ Kf4 82. Qcc4+ Kg3 83. Qdd3+ Kf2 84. Qcc2+ Ke1 85. Qdd1# 1-0

[Event "*** Titled Tuesday Blitz"]
[Site "Chess.com"]
[Date "2020.11.24"]
[Round "6"]
[White "Mikasinski"]
[Black "ama18"]
[Result "1-0"]
[WhiteElo "2337"]
[BlackElo "2436"]
[TimeControl "180+1"]
[EndTime "11:23:46 PST"]
[Termination "Mikasinski won on time"]

1. e4 c5 2. Nf3 d6 3. d4 cxd4 4.
Nxd4 Nf6 5. Nc3 a6 6. Be2 e5 7. Nf3 Be7 8. Bg5 Be6 9. Bxf6 Bxf6 10. O-O O-O 11. Nd5 Be7 12. Bc4 Nc6 13. a4 Rc8 14. Ba2 Bxd5 15. Bxd5 Qc7 16. c3 Kh8 17. h3 Nd8 18.
Qb3 b6 19. Rfd1 f5 20. exf5 Rxf5 21. Be6 Nxe6 22. Qxe6 Rf6 23. Qd5 h6 24. Re1 Rcf8 25. Rad1 Rf4 26. Re4 Qc8 27. Rd3 Rxe4 28. Qxe4 Rf4 29.
Qe3 Qc6 30. b3 Re4 31. Qd2 Rf4 32. Re3 Bf6 33. Rd3 Be7 34. Rd5 g5 35. c4 Rf6 36.
Qd3 Kg7 37. Qe3 Qc7 38. h4 g4 39. Nd2 Rf4 40. g3 Rf6 41. Ne4 Re6 42. Qe2 h5 43.
Qd3 Qc6 44. Nc3 Bf8 45. Qf5 Rf6 46. Qg5+ Rg6 47. Qxh5 Qe8 48. Ne4 Qf7 49. Ng5 Qg8 50. Rd3 Be7 51. Ne4 Qf7 52. Kg2 Qe6 53. Rd5 a5 54.
Nc3 Qf7 55. Rd3 Qe6 56. Nd5 Bd8 57. Ne3 1-0

[Event "*** Titled Tuesday Blitz"]
[Site "Chess.com"]
[Date "2020.11.24"]
[Round "6"]
[White "Tpros"]
[Black "JoachimMouhamad"]
[Result "1-0"]
[WhiteElo "2599"]
[BlackElo "2467"]
[TimeControl "180+1"]
[EndTime "11:23:47 PST"]
[Termination "Tpros won by resignation"]

1. e4 e5 2. Nf3 Nc6 3. Bb5 a6 4. Bxc6 dxc6 5. Nc3 f6 6. d4 exd4 7. Nxd4 c5 8. Nde2 Qxd1+ 9. Nxd1 Be6 10. Bf4 O-O-O 11. h4 Ne7 12. h5 Nc6 13. Ne3 Nd4 14. f3 Be7 15. Nc3 Rd7 16. O-O-O b6 17. Rd2 a5 18. a4 Rhd8 19. Rhd1 g5 20. hxg6 hxg6 21. Ncd5 g5 22. Bh2 Rh8 23. Bg3 Bd8 24. Kb1 Rdh7 25. b3 Rh1 26. Kb2 Rxd1 27. Rxd1 Ne2 28. Bf2 Nf4 29. Bg3 Nxd5 30. Nxd5 f5 31. Be5 Rf8 32.
Nc3 Bf6 33. Bxf6 Rxf6 34. Rh1 Rf7 35. e5 f4 36. Rh5 g4 37. Kc1 gxf3 38. gxf3 Rf5 39.
Rxf5 Bxf5 40. Ne2 Kd7 41. Nxf4 c4 42. bxc4 Ke7 43. Kb2 Bd7 44. Kb3 Bc6 45. Nd5+ Ke6 46. f4 Kd7 47. f5 Bb7 48. Kc3 c5 49. Nxb6+ Ke7 50. Nd5+ Kd8 51. Kd3 Bc6 52. Nc3 Ke7 53. Ke3 Kd8 54. Kf4 Ke7 55. Kg5 Kd8 56. Kf6 Ke8 57. Ke6 Kd8 58. Kd6 Bf3 59. Kxc5 Bh5 60. Kd6 Be8 61. f6 Bh5 62. e6 Be8 63. f7 Bxf7 64. exf7 Kc8 65. f8=Q+ Kb7 66. Qf3+ 1-0

[Event "*** Titled Tuesday Blitz"]
[Site "Chess.com"]
[Date "2020.11.24"]
[Round "6"]
[White "tdf98pantani"]
[Black "IMAghasiyevKamal"]
[Result "1-0"]
[WhiteElo "2721"]
[BlackElo "2565"]
[TimeControl "180+1"]
[EndTime "11:23:49 PST"]
[Termination "tdf98pantani won by resignation"]

1. e4 e5 2. Nf3 Nc6 3. Bc4 Bc5 4. c3 Nf6 5. d3 a6 6. O-O d6 7. a4 Ba7 8. Nbd2 Ne7 9. Re1 Ng6 10. Nf1 O-O 11.
Ng3 Be6 12. Bxe6 fxe6 13. Qb3 Qd7 14. d4 b5 15. axb5 axb5 16. h3 c5 17. dxe5 c4 18.
Qc2 Nxe5 19. Nxe5 dxe5 20. Rb1 Ng4 21. hxg4 Rxf2 22. Qxf2 Bxf2+ 23. Kxf2 Ra2 24. Be3 Qd3 25. Kg1 Qc2 26. Rec1 Qb3 27. Rf1 Rxb2 28. Rbd1 h6 29. Rd8+ Kh7 30. Rd7 Qxc3 31. Rf3 Qc2 32. Bf2 Rb1+ 33.
Kh2 Rd1 34. Rb7 Rd2 35. Rbf7 Rd3 36. Rxd3 cxd3 37. Nh5 d2 38. Rxg7+ Kh8 39. Rf7 d1=Q 40. Nf6 Qxe4 41. Nxe4 Qxg4 42. Nf6 Qf4+ 43. Bg3 Qf5 44. Kg1 e4 45. Be5 b4 46. Rf8+ Kg7 47.
Nd7+ Qxe5 48. Nxe5 Kxf8 49. Kf2 Ke7 50. Ke3 Kd6 51. Kxe4 b3 52. Nd3 e5 53. Nxe5 Kc5 54. Nd3+ Kc4 55. Nb2+ Kc3 56. Na4+ Kb4 57. Nb2 Kc3 58.
Nd3 h5 59. Nc5 Kc4 60. Nxb3 Kxb3 61. Kf4 Kc3 62. Kg5 Kd4 63. Kxh5 Ke4 64. g4 1-0

[Event "*** Titled Tuesday Blitz"]
[Site "Chess.com"]
[Date "2020.11.24"]
[Round "6"]
[White "BillCoe"]
[Black "Akhayan"]
[Result "1-0"]
[WhiteElo "2079"]
[BlackElo "2271"]
[TimeControl "180+1"]
[EndTime "11:23:51 PST"]
[Termination "BillCoe won by resignation"]

1. e4 e6 2. d4 d5 3. Nd2 c5 4. Ngf3 cxd4 5. Nxd4 Nc6 6. Bb5 Bd7 7. Nxc6 Bxc6 8.
Bxc6+ bxc6 9. exd5 cxd5 10. O-O Nf6 11. Nf3 Be7 12. Bf4 O-O 13. Rc1 Rc8 14. b3 Ne4 15. c4 dxc4 16. Rxc4 Rxc4 17. bxc4 Qa5 18. Qc2 Nf6 19.
Nd4 Rc8 20. Rc1 Qa6 21. Nb3 h6 22. c5 Nd5 23. Be5 Qc6 24. g3 Bf6 25. Bxf6 Nxf6 26.
Nd4 Qd5 27. Qc4 Qe4 28. Nb5 Qxc4 29. Rxc4 a6 30. Nd6 Rc6 31. Nb7 Nd7 32. Kf1 Rc7 33. c6 Ne5 34. Rc5 f6 35. Na5 Kf7 36. Ke2 Ke7 37.
f4 Nd7 38. Rc3 Nb8 39. Kd3 Kd6 40. Nb7+ Ke7 41. Na5 g5 42. fxg5 hxg5 43. Kd4 Kd6 44. Nb7+ Ke7 45. Na5 Rc8 46. Kc5 f5 47. Kb6 Nd7+ 48.
Kb7 Rb8+ 49. Kc7 Ra8 50. cxd7 Ra7+ 51. Nb7 Kf6 52. d8=Q+ Ke5 53. Qd6+ Ke4 54. Qd3+ Ke5 55. Rc5+ Kf6 56. Qd8+ Kg6 57. Qe7 a5 58. Qxe6+ Kh5 59.
Rxf5 a4 60. Qf6 Rxb7+ 61. Kxb7 1-0

[Event "*** Titled Tuesday Blitz"]
[Site "Chess.com"]
[Date "2020.11.24"]
[Round "6"]
[White "SHIVACalypso"]
[Black "Lion-Al-Messi"]
[Result "1/2-1/2"]
[WhiteElo "2431"]
[BlackElo "2556"]
[TimeControl "180+1"]
[EndTime "11:23:53 PST"]
[Termination "Game drawn by stalemate"]

1. Nf3 b6 2. g3 Bb7 3. Bg2 e5 4. d3 Nf6 5. O-O d6 6. c4 Be7 7. Nc3 O-O 8. Rb1 Nbd7 9. b4 a5 10.
a3 axb4 11. axb4 e4 12. Ne1 Ne5 13. Bf4 Ng6 14. Bg5 d5 15. Bxf6 Bxf6 16. Nxd5 Bxd5 17. cxd5 exd3 18. Nxd3 Qd6 19. Qb3 Rfe8 20. e3 Ne5 21. Rfc1 h5 22. Nxe5 Qxe5 23. Qc4 Ra7 24. Qb5 Rd8 25.
Rc6 h4 26. Rbc1 hxg3 27. hxg3 Be7 28. Qc4 Bd6 29. Bf3 g6 30. Qh4 Be7 31. Qc4 Bd6 32. Kg2 Kg7 33. Rh1 Rh8 34. Rxh8 Kxh8 35. Qh4+ Kg7 36. Rc4 Ra2 37. Re4 Qb2 38. g4 f6 39.
Re8 Kf7 40. Rc8 f5 41. Qh7+ Qg7 42. Qh4 fxg4 43. Qxg4 Qf6 44. Qd7+ Qe7 45. Qg4 Qf6 46. Qd7+ Qe7 47. Qh3 Kf6 48. Qh4+ Kg7 49. Qg4 Qe5 50.
Qd7+ Kf6 51. Qh3 Qg5+ 52. Qg3 Bxg3 53. Rxc7 Qe5 54. Rc6+ Kg5 55. Re6 Qxe6 56. dxe6 Bd6 57. Bd5 Rb2 58. Kf3 Bxb4 59. Bc6 Be7 60. Bd7 Rb4 61. e4 Rd4 62. Ke2 Rd6 63. f4+ Kxf4 64. e5 Kxe5 65. Kf3 b5 66. Kg4 b4 67. Bb5 Rb6 68. Bc4 b3 69. Bxb3 Rxb3 1/2-1/2

[Event "*** Titled Tuesday Blitz"]
[Site "Chess.com"]
[Date "2020.11.24"]
[Round "6"]
[White "Kaua18"]
[Black "pastouche06"]
[Result "1-0"]
[WhiteElo "2359"]
[BlackElo "2510"]
[TimeControl "180+1"]
[EndTime "11:23:54 PST"]
[Termination "Kaua18 won by resignation"]

1. e4 c6 2. c4 d5 3. exd5 Nf6 4. d4 cxd5 5. Nc3 Nc6 6. Bg5 Ne4 7. Be3 Nxc3 8.
bxc3 g6 9. Nf3 Bg7 10. cxd5 Qxd5 11. Be2 Qa5 12. Qd2 O-O 13. O-O Rd8 14. Rfd1 b6 15. h4 Ba6 16. c4 Qxd2 17. Rxd2 e5 18. d5 Na5 19. Rc1 Rac8 20. Rdc2 f6 21. Nd2 Bf8 22. g4 Nb7 23. Ne4 Kf7 24. g5 f5 25.
Nf6 h5 26. f4 exf4 27. Bxf4 Bd6 28. Be3 Bc5 29. Kf2 Nd6 30. Bxc5 Rxc5 31. Ke3 Rc7 32. Kd4 Re7 33. Bd3 Nb7 34. Re2 Rxe2 35. Bxe2 Rc8 36. Nd7 Rc7 37. Ne5+ Kg7 38. Re1 Nd6 39. Rc1 Re7 40.
Bd3 Rc7 41. Nc6 Bc8 42. Re1 Kf7 43. a4 Bd7 44. Re7+ Kf8 45. Rh7 f4 46. Ne5 Ke8 47. Bxg6+ Kd8 48. Nxd7 Rxd7 49. Rxd7+ Kxd7 50. Bd3 Ke7 51. Ke5 f3 52. Kf4 f2 53. Kf3 Nf5 54.
Kxf2 Nxh4 55. Ke3 Kd6 56. Kf4 Ng2+ 57. Kf5 h4 58. Be4 h3 59. g6 Nh4+ 60. Kf6 h2 61. g7 1-0

[Event "*** Titled Tuesday Blitz"]
[Site "Chess.com"]
[Date "2020.11.24"]
[Round "6"]
[White "Infernal_XaM"]
[Black "Dedic8"]
[Result "1-0"]
[WhiteElo "2854"]
[BlackElo "2814"]
[TimeControl "180+1"]
[EndTime "11:23:56 PST"]
[Termination "Infernal_XaM won by resignation"]

1. d4 Nf6 2. c4 e6 3. Nc3 Bb4 4. Bd2 O-O 5. Rc1 d5 6. cxd5 exd5 7. Nf3 c6 8. a3 Bd6 9. Bg5 Re8 10. e3 Bf5 11. Nh4 Be6 12. Qf3 Nbd7 13. Nf5 Bxf5 14. Qxf5 Qb6 15. Qc2 Qxd4 16. Rd1 Qg4 17. Bxf6 Nxf6 18.
h3 Qg5 19. Ne2 Ne4 20. g3 Qf5 21. Nd4 Qf6 22. Rg1 c5 23. Nb5 Be5 24. Rxd5 Bxb2 25. Bd3 Ng5 26. Rxg5 Qxg5 27. Qxb2 Rad8 28. Be2 a6 29. Nc3 b5 30. h4 Qe5 31. Kf1 Rd6 32.
Kg2 Red8 33. Qc1 Rd2 34. Re1 c4 35. Bf3 h6 36. a4 b4 37. Ne4 c3 38. a5 Kh8 39. h5 f5 40. Nxd2 cxd2 41. Qd1 dxe1=Q 42. Qxe1 Qc3 43. Qe2 Rd2 44. Qxa6 Qc2 45. Qa8+ Kh7 46.
Bd5 Rxf2+ 47. Kg1 Rg2+ 48. Bxg2 Qc1+ 49. Kh2 Qxe3 50. Qd5 Qg5 51. Qf7 b3 52. Qxb3 Qxh5+ 53. Kg1 Qe2 54. Qd5 Qe1+ 55. Kh2 Kg6 56. a6 h5 57. a7 h4 58. Qd3 Qa1 59. a8=Q 1-0

[Event "*** Titled Tuesday Blitz"]
[Site "Chess.com"]
[Date "2020.11.24"]
[Round "6"]
[White "Bulldog167"]
[Black "2nd_life"]
[Result "0-1"]
[WhiteElo "2621"]
[BlackElo "2507"]
[TimeControl "180+1"]
[EndTime "11:24:00 PST"]
[Termination "2nd_life won by checkmate"]

1. d4 Nf6 2. c4 e6 3. Nf3 b6 4. Bf4 Bb7 5. e3 Bd6 6. Bg5 Bb4+ 7. Nbd2 h6 8. Bh4 g5 9. Nxg5 hxg5 10. Bxg5 Be7 11.
Nf3 Ne4 12. Bxe7 Qxe7 13. a3 d6 14. g3 Nd7 15. Bg2 f5 16. Qe2 Ndf6 17. h3 Ng5 18.
Nxg5 Bxg2 19. Rh2 Bb7 20. f3 Nh5 21. h4 Nxg3 22. Qf2 Nh5 23. O-O-O O-O-O 24. d5 exd5 25. cxd5 Ng7 26. e4 Rdf8 27. Qc2 fxe4 28. fxe4 Rxh4 29.
Rg2 Kb8 30. Kb1 Rhf4 31. Ka2 a5 32. Rc1 Ba6 33. Rh2 Rc8 34. Rg1 Qe5 35. Rh7 Qd4 36. Rd1 Qc4+ 37. Qxc4 Bxc4+ 38. b3 Rf2+ 39. Ka1 Bxb3 40.
Rc1 Rg8 41. Rc3 a4 42. Kb1 Rg2 43. Nf7 Rf8 44. Rf3 Bc4 45. Ng5 Rxf3 46. Nxf3 Bd3+ 47. Kc1 Bxe4 48. Rh8+ Kb7 49. Nd4 Bxd5 50. Nb5 Rg4 51. Rh7 Bc6 52. Nc3 Rg3 53. Kd2 Rg2+ 54. Kd3 Rg3+ 55.
Kd4 Nf5+ 56. Kc4 d5+ 57. Kb4 Rg4+ 58. Ne4 Rxe4+ 59. Kc3 Rc4+ 60. Kd3 Rd4+ 61. Kc3 Rf4 62. Kb2 d4 63. Rh8 Rf2+ 64. Kc1 Be4 65. Rh7 d3 66.
Rd7 d2+ 67. Kd1 Bf3+ 68. Kc2 d1=Q+ 69. Kc3 Qxd7 70. Kb4 c5+ 71. Kc3 Qd4# 0-1

[Event "*** Titled Tuesday Blitz"]
[Site "Chess.com"]
[Date "2020.11.24"]
[Round "6"]
[White "Gogolev_Artemy"]
[Black "elohunter1999"]
[Result "1-0"]
[WhiteElo "2475"]
[BlackElo "2570"]
[TimeControl "180+1"]
[EndTime "11:24:00 PST"]
[Termination "Gogolev_Artemy won on time"]

1. Nf3 d5 2. c4 d4 3. e3 Nc6 4. exd4 Nxd4 5. Nxd4 Qxd4 6. d3 Nh6 7. Nc3 c6 8. Be2 g6 9. Be3 Qd8 10. g4 Bg7 11. h3 f5 12. Qd2 Nf7 13. d4 e5 14. d5 O-O 15. gxf5 Bxf5 16. dxc6 bxc6 17. Qxd8 Nxd8 18. O-O-O Ne6 19. Rd6 Nd4 20. Bg4 Rfd8 21. Rxd8+ Rxd8 22. Rd1 h5 23. Bxf5 gxf5 24. Bxd4 exd4 25.
Ne2 c5 26. Kd2 h4 27. Kd3 Bh6 28. b3 Kf7 29. Rg1 Re8 30. a3 a5 31. Rb1 Rb8 32.
Ng1 Rg8 33. Nf3 Rg2 34. Ke2 d3+ 35. Kf1 Rg8 36. Ne5+ Kf6 37. Nxd3 Rc8 38. Ke2 Bf8 39. Nf4 Bd6 40. Nd5+ Kf7 41. Kf3 Rg8 42. Rd1 Rb8 43. Rd3 Be5 44. Ne3 Ke6 45. Nd5 Bb2 46. a4 Bd4 47.
Nf4+ Kd6 48. Ng6 Re8 49. Nxh4 Ke6 50. Ng6 Kf6 51. Nf4 Re1 52. Ne2 Be5 53. Rd5 Rb1 54. Rd3 Rb2 55. Nf4 Bd4 56. Ne2 Be5 57. h4 Kg6 58. Ng3 Bd4 59. h5+ Kg5 60. Ne2 Be5 61. h6 Kxh6 62. Rd5 Bd4 63. Rxf5 Rxb3+ 64. Ke4 1-0

[Event "*** Titled Tuesday Blitz"]
[Site "Chess.com"]
[Date "2020.11.24"]
[Round "6"]
[White "ChessicallyInclined"]
[Black "XDPS"]
[Result "1-0"]
[WhiteElo "2554"]
[BlackElo "2696"]
[TimeControl "180+1"]
[EndTime "11:24:04 PST"]
[Termination "ChessicallyInclined won on time"]

1. d4 d5 2. c4 e6 3. Nc3 Nf6 4. cxd5 exd5 5. Bg5 c6 6. Qc2 h6 7. Bh4 Bd6 8. e3 O-O 9. Bd3 Re8 10. Nge2 a5 11. Bg3 Na6 12. a3 Nc7 13. O-O Ne6 14. Rab1 Ng5 15. Be5 Ng4 16. Bf4 Bxf4 17. exf4 Ne6 18.
h3 Nf6 19. f5 Nf8 20. Ng3 Qd6 21. Qd2 Bd7 22. Na4 Qc7 23. Nc5 Bc8 24. Rfe1 Rxe1+ 25. Rxe1 b6 26. Na4 Bd7 27. Nc3 Qd6 28.
Na4 Rb8 29. b4 axb4 30. Qxb4 Qc7 31. Re7 Qd8 32. Qd6 Ra8 33. Bc2 Ra5 34. Nc3 Ra8 35. a4 Qb8 36. Qe5 Qc8 37. Nge2 Rb8 38. g4 Qd8 39. Ng3 Rc8 40. Bd1 c5 41. Bf3 Bc6 42.
Nb5 Bxb5 43. axb5 cxd4 44. Rb7 d3 45. h4 d2 46. Qd4 Rc1+ 47. Kg2 Qd6 48. Qxd2 Rc5 49.
g5 hxg5 50. hxg5 N6d7 51. Qd4 Rc4 52. Qb2 Rc5 53. Nh5 d4 54. Qe2 g6 55. fxg6 fxg6 56. Ng3 Kg7 57. Ne4 Qe5 58. Qd3 Qf4 59. Nxc5 Qxg5+ 60. Kf1 Qxc5 61. Bc6 Qd6 62. Bxd7 Nxd7 63. Qh3 Kf6 64.
Qxd7 Qe5 65. Rxb6+ Kg5 66. Rd6 Qf4 67. Rd5+ Kh6 68. Rxd4 Qc1+ 69. Kg2 Qg5+ 70. Qg4 Qc5 71. Qh4+ Kg7 72. Rd7+ Kg8 73. Qh7+ 1-0

[Event "*** Titled Tuesday Blitz"]
[Site "Chess.com"]
[Date "2020.11.24"]
[Round "6"]
[White "Julianos82"]
[Black "BegmuratovKh2010"]
[Result "1-0"]
[WhiteElo "2342"]
[BlackElo "2491"]
[TimeControl "180+1"]
[EndTime "11:24:05 PST"]
[Termination "Julianos82 won by resignation"]

1. d4 Nf6 2. Nf3 g6 3. c4 Bg7 4. Nc3 O-O 5. e4 d6 6. Be2 Nc6 7.
d5 Nb8 8. Bg5 h6 9. Bf4 c6 10. Qd2 Kh7 11. O-O-O cxd5 12. cxd5 Nbd7 13. Bd3 Nc5 14. Bc2 Bg4 15. Kb1 Qb6 16. Be3 Rac8 17. Nd4 Bxd1 18. Rxd1 Nfd7 19. f4 a6 20. h4 Qb4 21. h5 Nb6 22. hxg6+ fxg6 23. f5 Nc4 24. fxg6+ Kg8 25. Qc1 a5 26. e5 a4 27. Bf5 a3 28.
b3 Rxf5 29. Nxf5 Nxb3 30. axb3 Qxb3+ 31. Ka1 Rf8 32. Nxg7 Ra8 33. Nf5 Qb2+ 34. Qxb2 axb2+ 35. Kb1 Ra3 36. Kc2 Ra1 37. Rb1 Ra2 38. Rxb2 Nxe3+ 39. Kb3 Ra3+ 40. Kxa3 Nxf5 41. Rxb7 Kg7 42. Rb8 Kxg6 43. e6 Kf6 44. Ne4+ Ke5 45. Nc3 Ne3 46. Kb3 Kd4 47. Rb4+ Kd3 48. Rh4 Nxg2 49. Rxh6 Nf4 50. Rh3+ Nxh3 51.
Nb5 Ng5 52. Nxd6 Nh7 53. Nc8 Kd4 54. Nxe7 Nf6 55. d6 Ke5 56. d7 Kxe6 57. d8=Q Ke5 58. Nc6+ Ke6 59. Qe7+ Kf5 60. Nd4+ Kg6 61. Nf3 Ng4 62.
Qg5+ Kf7 63. Qxg4 Kf6 64. Qf4+ Ke7 65. Qe5+ Kd7 66. Qf6 Kc8 67. Qe7 Kb8 68. Kc4 Ka8 69.
Kb5 Kb8 70. Kc6 Ka8 1-0

[Event "*** Titled Tuesday Blitz"]
[Site "Chess.com"]
[Date "2020.11.24"]
[Round "6"]
[White "ARTHURMOTIVATOR"]
[Black "GMaka"]
[Result "0-1"]
[WhiteElo "2285"]
[BlackElo "2425"]
[TimeControl "180+1"]
[EndTime "11:24:07 PST"]
[Termination "GMaka won by resignation"]

1. e4 c6 2. d4 d5 3. exd5 cxd5 4. Bd3 Nc6 5. c3 g6 6. h3 Bg7 7. Nf3 Nh6 8. O-O Bf5 9. Re1 Bxd3 10. Qxd3 Nf5 11. Bf4 O-O 12. Nbd2 e6 13. b4 a6 14. a4 Rc8 15. a5 Nd6 16. Bxd6 Qxd6 17. Nb3 Rc7 18.
Nc5 Re7 19. Rad1 Rfe8 20. b5 Nxa5 21. bxa6 bxa6 22. Qxa6 Qxa6 23. Nxa6 Rb7 24. Nc5 Rb2 25.
Rd2 Reb8 26. Rxb2 Rxb2 27. Ra1 Rb5 28. Nd2 Bh6 29. Ra2 Kg7 30. g3 Bxd2 31. Rxd2 Rb1+ 32. Kg2 Rc1 33. Ra2 Nc4 34. Ra7 Re1 35. f4 h5 36.
g4 Re3 37. g5 Nd6 38. Nd7 Rxc3 39. Ne5 Rc2+ 40. Kf1 Rc3 41. Rd7 Nf5 42. Nxf7 Kf8 43. Ne5 Nxd4 44. Nxg6+ Ke8 45. Rh7 Kd8 46. Rxh5 Nf5 47.
Rh8+ Kd7 48. Ne5+ Kd6 49. g6 Rg3 50. h4 d4 51. h5 Kd5 52. h6 Ke4 53. g7 Nxg7 54.
Rg8 Rh3 55. hxg7 Rg3 56. Nd7 d3 57. Nf6+ Kf3 58. Ke1 Rg2 59. Kd1 Ke3 60. Kc1 Rg1+ 61. Kb2 d2 62. Rd8 Rxg7 63. Rd6 Rb7+ 64. Kc2 Rc7+ 65.
Kb3 Rc1 66. Ka4 d1=Q+ 67. Kb5 Qxd6 68. Ka4 Qc6+ 69. Kb3 Qc5 70. Kb2 Rc3 0-1

[Event "*** Titled Tuesday Blitz"]
[Site "Chess.com"]
[Date "2020.11.24"]
[Round "6"]
[White "champ2005"]
[Black "kingofthenil"]
[Result "1-0"]
[WhiteElo "3004"]
[BlackElo "2765"]
[TimeControl "180+1"]
[EndTime "11:24:09 PST"]
[Termination "champ2005 won by resignation"]

1. c4 Nf6 2. Nc3 e5 3. g3 c6 4. d4 e4 5. d5 Bb4 6. Nh3 O-O 7. Bg2 cxd5 8. cxd5 d6 9. O-O h6 10. Qb3 Na6 11. Rd1 Ba5 12. Nf4 Nc5 13. Qc2 Bf5 14.
Rb1 Bxc3 15. Qxc3 Rc8 16. Be3 g5 17. Nh3 Nd3 18. Qb3 Nc5 19. Qc3 Nd3 20. Qb3 Nc5 21.
Qb5 a6 22. Qb4 Qd7 23. Nxg5 hxg5 24. Bxg5 Ng4 25. Rbc1 Rfe8 26. h3 Ne5 27. Kh2 Bg6 28.
Be3 a5 29. Qd2 b6 30. Bd4 Qf5 31. g4 Qf6 32. Qh6 Qh8 33. Qf4 Qh4 34. Kg1 a4 35. b4 axb3 36. axb3 f6 37. b4 Ncd7 38. Rc3 Qg5 39.
Qg3 Rxc3 40. Qxc3 Qh4 41. Ra1 Qh7 42. Ra7 f5 43. Bxe5 dxe5 44. Qc6 Re7 45. d6 Rf7 46. Qd5 Kh8 47. Qe6 Nf8 48. Qxe5+ Qg7 49. Qxg7+ Kxg7 50. Ra8 f4 51. Rb8 f3 52. exf3 exf3 53. Bf1 Nd7 54. Rb7 Kf6 55. Bb5 Ke6 56. Bxd7+ Rxd7 57. Rxb6 Rxd6 58. Rxd6+ Kxd6 59. Kh2 Ke5 60. Kg3 Ke4 61. h4 Be8 62. h5 Ke5 63. Kxf3 Kf6 64.
Kg3 Kg5 65. f4+ Kh6 66. Kh4 Kg7 67. g5 Bd7 68. Kg3 Bf5 69. b5 Bd7 70. b6 Bc6 71. f5 Kf7 72. Kf4 Kg7 73. h6+ Kh7 74. Ke5 Bb7 75. Kd6 Be4 76. Kc7 Bxf5 77. b7 1-0

[Event "*** Titled Tuesday Blitz"]
[Site "Chess.com"]
[Date "2020.11.24"]
[Round "6"]
[White "Algeriano22"]
[Black "Lestofante90"]
[Result "1-0"]
[WhiteElo "2632"]
[BlackElo "2792"]
[TimeControl "180+1"]
[EndTime "11:24:12 PST"]
[Termination "Algeriano22 won by resignation"]

1. e4 c6 2. d4 d5 3. e5 Bf5 4. h4 h5 5. c4 e6 6. Nc3 Ne7 7.
Nge2 Nd7 8. Ng3 Bg6 9. Bg5 Qb6 10.
Qb3 dxc4 11. Bxc4 Qxb3 12. Bxb3 Nf5 13. Nxf5 Bxf5 14. O-O-O Be7 15. Be3 Nb6 16. Bc2 Bxc2 17. Kxc2 O-O-O 18. Bg5 f6 19. exf6 gxf6 20. Bc1 Rhg8 21. g3 Rg4 22. Bf4 Nd5 23. Nxd5 cxd5 24. Rhe1 Kd7 25. Kd3 Rc8 26. Rc1 Rc6 27. f3 Rg8 28.
Rg1 f5 29. Rxc6 bxc6 30. Rc1 a5 31. Rc3 a4 32. b3 a3 33. Ke3 Bb4 34. Rc2 Rg7 35.
Be5 Rg8 36. Bf4 Be7 37. Be5 Bf8 38. Bf4 Bb4 39. Be5 Ba5 40. Bf4 Bb6 41. Kd3 Bc7 42.
Ke3 Bd8 43. Kd3 Bf6 44. Rc5 Ra8 45. Rc2 Be7 46. Rg2 c5 47. dxc5 Bxc5 48. g4 fxg4 49.
fxg4 Rg8 50. g5 Bd6 51. Bxd6 Kxd6 52. Rf2 e5 53. Rf6+ Kc5 54. Rh6 e4+ 55. Ke3 Rf8 56. Rxh5 Rf3+ 57. Ke2 Rg3 58. Kf2 Rxb3 59. g6 Rb2+ 60.
Kg3 Rb8 61. g7 Rg8 62. Rg5 Kd4 63. h5 e3 64. h6 Kc3 65. h7 e2 66. Kf2 Re8 67.
Ke1 Kd3 68. g8=Q Re4 69. Qxd5+ Ke3 70. Qxe4+ Kxe4 71. Kxe2 1-0

[Event "*** Titled Tuesday Blitz"]
[Site "Chess.com"]
[Date "2020.11.24"]
[Round "6"]
[White "bait_or_mate"]
[Black "woodhy"]
[Result "0-1"]
[WhiteElo "2587"]
[BlackElo "2457"]
[TimeControl "180+1"]
[EndTime "11:24:14 PST"]
[Termination "woodhy won by resignation"]

1. d4 Nf6 2. c4 e6 3. Nc3 Bb4 4.
Qc2 c5 5. dxc5 Na6 6. Nf3 Nxc5 7.
g3 O-O 8. Bg2 Nce4 9. O-O Nxc3 10. bxc3 Bc5 11. Bg5 h6 12. Bf4 d6 13. Rfd1 Qe7 14. Rab1 Rd8 15. h3 e5 16. Bc1 Be6 17.
Nd2 Rab8 18. Ne4 Nxe4 19. Bxe4 Bxh3 20. Qd3 Be6 21. Bd5 Qf6 22. e3 b6 23. a4 a5 24. Rb2 h5 25. Qe4 Qg5 26. Bxe6 fxe6 27. Kg2 Rf8 28. Rbd2 Rbd8 29. Rh1 g6 30. Rhd1 Rd7 31.
Re2 Rdf7 32. Bd2 Kg7 33. Be1 Rh8 34. f4 Qg4 35. Qf3 e4 36. Qxg4 hxg4 37. Bf2 Kf6 38. Red2 Ke7 39. Bg1 Rfh7 40. Kf1 Rh1 41. Kg2 Rxg1+ 42.
Kxg1 Bxe3+ 43. Kg2 Bxd2 44. Rxd2 Rc8 45. Rd4 d5 46.
cxd5 exd5 47. Rxd5 Rxc3 48. Rg5 Rc2+ 49. Kf1 Kf6 50. Rb5 Rc4 51. Rxb6+ Kf7 52. Rb7+ Ke6 53. Rb6+ Kf7 54. Rb7+ Kf6 55. Rb6+ Kg7 56. Rb7+ Kh6 57. Kf2 Rxa4 58. Ke3 Ra3+ 59. Kxe4 Rxg3 60. Ra7 Ra3 61. Rb7 g3 62. Rb1 Kh5 63. f5 Kg5 64. fxg6 Kxg6 65. Kf4 Kf6 66. Rb6+ Ke7 67. Rg6 Kd7 68. Ke4 Rb3 69. Kd4 a4 70. Kc4 Rf3 71. Kb4 a3 72. Ra6 g2 73. Ra7+ Kc6 74. Rf7 a2 75. Rxf3 a1=Q 76.
Rc3+ Kb6 0-1

[Event "*** Titled Tuesday Blitz"]
[Site "Chess.com"]
[Date "2020.11.24"]
[Round "6"]
[White "anon569"]
[Black "kkpanu9"]
[Result "1-0"]
[WhiteElo "2286"]
[BlackElo "2057"]
[TimeControl "180+1"]
[EndTime "11:24:19 PST"]
[Termination "anon569 won by checkmate"]

1. e4 c5 2. Nf3 d6 3. d4 cxd4 4. Nxd4 Nf6 5. Nc3 g6 6. Be3 Bg7 7. f3 O-O 8. Bc4 Nc6 9. Qd2 Bd7 10. h4 Rc8 11. Bb3 h5 12. O-O-O Ne5 13. Bh6 Nc4 14. Bxc4 Rxc4 15. Bxg7 Kxg7 16. g4 hxg4 17. h5 Rh8 18. hxg6 fxg6 19. f4 e5 20. fxe5 dxe5 21. Nde2 Qe8 22.
Qg5 Rh3 23. Rhf1 Rc6 24. Kb1 Rh5 25. Qd2 Be6 26. Ng3 Rh3 27. Qg5 Bc8 28. Nge2 b6 29.
Rf2 Rf3 30. Rdf1 Rxf2 31. Rxf2 Qh8 32. Qxe5 Re6 33. Qd4 Qh1+ 34. Nc1 Qe1 35. Re2 Qf1 36. Qd8 Ba6 37. Rd2 Qf4 38. Rd4 g3 39. e5 Qxe5 40. Rd2 g2 41. Nd5 Re8 42. Qxf6+ Qxf6 43. Nxf6 Kxf6 44.
Rxg2 Re5 45. Rf2+ Rf5 46. Rg2 Rf1 47. b3 g5 48. Kb2 Kf5 49. Ne2 Bxe2 50. Rxe2 g4 51.
Re8 Kf4 52. Rf8+ Kg3 53. Rxf1 Kg2 54. Re1 g3 55. Kc3 Kf2 56. Rd1 g2 57. Rb1 g1=Q 58. Rxg1 Kxg1 59. Kb4 Kf2 60. Kb5 Ke3 61. Ka6 Kd4 62.
c4 Kc5 63. Kxa7 b5 64. cxb5 Kxb5 65. Kb7 Kb4 66. Kc6 Ka3 67. Kc5 Kb2 68. b4 Ka3 69.
b5 Kb2 70. b6 Ka1 71. b7 Kb2 72. b8=Q+ Ka1 73. Kc4 Kxa2 74. Kc3 Ka1 75. Qb2# 1-0